 Dungeon Crawl Stone Soup version 0.28-a0-43-g560ac104fe (webtiles) character file.

Game seed: 1508601408706103843

283197 lunkers the Spry (level 21, -4/169 HPs)
             Began as a Djinni Earth Elementalist on July 23, 2021.
             Was the Champion of Ashenzari.
             Killed from afar by a crystal guardian (27 damage)
             ... with a crystal bolt
             ... led by a peacekeeper
             ... on level 2 of the Vaults on July 28, 2021.
             The game lasted 01:57:19 (34441 turns).

lunkers the Spry (Djinni Earth Elementalist)       Turns: 34441, Time: 01:57:20

Health: -4/169     AC: 23    Str:  7    XL:     21   Next: 42%
Gold:   743        EV: 19    Int: 29    God:    Ashenzari [******] SH: 27 Dex: 16

rFire   + + .      SeeInvis +   a - +9 eveningstar of the Unveiling Gloom {protect, Dex+5, Fort, Cun} (curse)
rCold   . . .      Faith    .   H - +6 tower shield "Tethered Omen" {+Blink rN+ rCorr Dex-4, Melee, Fort} (curse)
rNeg    + + .      Spirit   .   Z - +6 scale mail "Secrets of Ashenzari" {rElec Will+, Fort, Self} (curse)
rPois   ∞          Reflect  .   J - +2 hat of the Wild Blue Yonder {Int+3, Fort, Self} (curse)
rElec   +          Harm     .   A - +0 cloak "Celestial Absolutism" {Evo, Range} (curse)
rCorr   +          Rampage  .   f - +2 pair of gloves "Cosmic Malaise" {Self, Fort} (curse)
Will    +++..      Clarity  +   (boots unavailable)
Stlth   +++.......              t - amulet "Share My Incredulity" {Regen+, Fort, Cun} (curse)
HPRegen 1.38/turn               X - ring of the Unyielding Gaze {rC+ rN+ Stlth+, Cun, Fort} (curse)
MPRegen 0.00/turn               j - ring "Shattered Inaction" {EV+4, Range, Fort} (curse)

@: about to teleport, flying
A: sickness immunity, fire resistance 2, cold vulnerability 1, float, innate
caster, hp casting, extra vitality 1
}: 2/15 runes: serpentine, barnacled
a: Renounce Religion, Evoke Blink, Shatter the Chains


You were on level 2 of the Vaults.
You worshipped Ashenzari.
Ashenzari was exalted by your worship.
You visited 7 branches of the dungeon, and saw 33 of its levels.

You collected 3546 gold pieces.
You spent 2803 gold pieces at shops.

Inventory:

Hand Weapons
 a - the cursed +9 eveningstar of the Unveiling Gloom (weapon) {protect, Dex+5, Fort, Cun}
   (You found it on level 2 of the Lair of Beasts)

   It grants its wielder temporary protection when it strikes (+7 to AC).
   Dex:       It affects your dexterity (+5).
   It has a curse which improves the following skills: Fortitude: Armour and
   Shields.
   Cunning:   Dodging and Stealth.
Missiles
 c - 997 stones
 k - 3 throwing nets
 w - 13 atropa-tipped darts
 V - 4 boomerangs of dispersal
Armour
 d - a +0 kite shield
 f - the cursed +2 pair of gloves "Cosmic Malaise" (worn) {Self, Fort}
   (You found it on level 6 of the Dungeon)

   It has a curse which improves the following skills: Introspection: Fighting
   and Spellcasting.
   Fortitude: Armour and Shields.
 y - a +1 pair of gloves
 A - the cursed +0 cloak "Celestial Absolutism" (worn) {Evo, Range}
   (You took it off Crazy Yiuf on level 4 of the Dungeon)

   It has a curse which improves the following skills: Evocations: Evocations.
   Ranged Combat: Slings, Bows, Crossbows and Throwing.
 G - a +0 helmet
 H - the cursed +6 tower shield "Tethered Omen" (worn) {+Blink rN+ rCorr Dex-4, Melee, Fort}
   (You bought it in a shop on level 9 of the Dungeon)

   Dex:       It affects your dexterity (-4).
   rN:        It protects you from negative energy.
   +Blink:    It lets you blink.
   rCorr:     It protects you from acid and corrosion.
   It has a curse which improves the following skills: Melee Combat: Short
   Blades, Long Blades, Axes, Maces & Flails, Polearms, Staves and Unarmed
   Combat.
   Fortitude: Armour and Shields.
 J - the cursed +2 hat of the Wild Blue Yonder (worn) {Int+3, Fort, Self}
   (You found it on level 5 of the Dungeon)

   It has a curse which improves the following skills: Fortitude: Armour and
   Shields.
   Introspection: Fighting and Spellcasting.
 Z - the cursed +6 scale mail "Secrets of Ashenzari" (worn) {rElec Will+, Fort, Self}
   (You bought it in a shop on level 10 of the Dungeon)

   rElec:     It insulates you from electricity.
   Will:      It increases your willpower.
   It has a curse which improves the following skills: Fortitude: Armour and
   Shields.
   Introspection: Fighting and Spellcasting.
Jewellery
 g - a +6 ring of intelligence
 j - the cursed ring "Shattered Inaction" (right hand) {EV+4, Range, Fort}
   (You found it on level 7 of the Dungeon)

   [ring of evasion]

   EV:        It affects your evasion (+4).
   It has a curse which improves the following skills: Ranged Combat: Slings,
   Bows, Crossbows and Throwing.
   Fortitude: Armour and Shields.
 n - a +4 ring of protection
 t - the cursed amulet "Share My Incredulity" (around neck) {Regen+, Fort, Cun}
   (You found it on level 4 of the Dungeon)

   [amulet of regeneration]

   Regen:     It increases your rate of health regeneration.
   It has a curse which improves the following skills: Fortitude: Armour and
   Shields.
   Cunning:   Dodging and Stealth.
 K - the ring "Tugiles" {rF++ Will+}
   (You found it on level 14 of the Dungeon)

   [ring of willpower]

   rF:        It greatly protects you from fire.
   Will:      It increases your willpower.
 R - the ring of Enunk {rElec rC+ SInv}
   (You found it on level 3 of the Shoals)

   [ring of protection from cold]

   rC:        It protects you from cold.
   rElec:     It insulates you from electricity.
   SInv:      It lets you see invisible.
 X - the cursed ring of the Unyielding Gaze (left hand) {rC+ rN+ Stlth+, Cun, Fort}
   (You took it off a naga warrior on level 1 of the Snake Pit)

   [ring of positive energy]

   rC:        It protects you from cold.
   rN:        It protects you from negative energy.
   Stlth:     It makes you more stealthy.
   It has a curse which improves the following skills: Cunning: Dodging and
   Stealth.
   Fortitude: Armour and Shields.
Wands
 i - a wand of polymorph (30)
 l - a wand of digging (2)
 q - a wand of mindburst (23)
 r - a wand of flame (74)
 v - a wand of acid (41)
 C - a wand of paralysis (26)
 D - a wand of charming (39)
 T - a wand of iceblast (15)
Scrolls
 b - 2 scrolls of holy word
 e - 11 scrolls of teleportation
 L - 5 scrolls of blinking
 N - a scroll of summoning
 O - 4 scrolls of magic mapping
 P - 3 scrolls of enchant armour
 W - 4 scrolls of enchant weapon
 Y - 2 scrolls of brand weapon
Potions
 h - 5 potions of lignification
 m - 4 potions of ambrosia
 o - 5 potions of brilliance
 p - 5 potions of haste
 s - 4 potions of invisibility
 u - 3 potions of might
 x - 2 potions of berserk rage
 B - 7 potions of curing
 F - 2 potions of resistance
 Q - 4 potions of heal wounds
Miscellaneous
 z - a tin of tremorstones (2/2)
 E - a lightning rod (4/4)
 I - a box of beasts
 U - a condenser vane


   Skills:
 + Level 15.1(20.3) Fighting
 - Level 9.2(12.1) Maces & Flails
 - Level 4.5(13.9) Armour
 + Level 20.7(25.3) Dodging
 - Level 1.5(5.3) Stealth
 * Level 11.2(21.6) Shields
 + Level 17.1(22.1) Spellcasting


You had 9 spell levels left.
You knew the following spells:

 Your Spells              Type           Power      Damage    Failure   Level
a - Stone Arrow           Conj/Erth      100%       3d13      0%          3
b - Passwall              Tmut/Erth      85%        N/A       0%          2
c - Sandblast             Erth           100%       2d20      0%          1
d - Petrify               Tmut/Erth      100%       N/A       0%          4
e - Sting                 Tmut/Pois      100%       1d8       0%          1
f - Wereblood             Tmut           100%       N/A       0%          2
g - Call Imp              Summ           100%       N/A       0%          2
h - Fulminant Prism       Conj/Hex       51%        3d23      0%          4
i - Manifold Assault      Tloc           100%       N/A       1%          5
j - Freezing Cloud        Conj/Ice/Air   51%        6-21      1%          5
k - Shadow Creatures      Summ           N/A        N/A       1%          6
l - Dispersal             Tloc           51%        N/A       1%          6
m - Storm Form            Tmut/Air       51%        N/A       1%          7
n - Ozocubu's Refrigerat  Ice            51%        4d15      1%          7
Your spell library was empty.

Dungeon Overview and Level Annotations

Branches:
Dungeon (14/15)            Temple (1/1) D:6            Lair (6/6) D:11
 Shoals (4/4) Lair:2        Snake (4/4) Lair:4        Slime (0/5) Lair:5
    Orc (2/2) D:11            Elf (0/3) Orc:2        Vaults (2/5) D:14
  Crypt (0/3) Vaults:2

Altars:
Ashenzari
Cheibriados
Dithmenos
Elyvilon
Fedhas
Gozag
Hepliaklqana
Kikubaaqudgha
Makhleb
Nemelex Xobeh
Okawaru
Qazlal
Ru
Sif Muna
Trog
Uskayaw
Vehumet
Wu Jian
Xom
Yredelemnul
Zin
The Shining One
Beogh
Jiyva

Shops:
D:5 ?   D:9 [   D:10 *[?(   D:13 *(   Orc:1 *   Orc:2 :[(*   Snake:1 ?
Snake:2 [   Snake:4 =::   Vaults:1 *

Portals:
Hell: Lair:6

Annotations:
D:3 1 runed translucent door, DocClef's ghost, weakling GnDe
D:5 4 runed translucent doors
D:7 1 runed translucent door, Sin92's ghost, amateur DsFi
Orc:1 3 runed translucent doors, Heoklaes's ghost, journeyman SpBr; Rachuaq's ghost, adept GnSk; Sobieck's ghost, journeyman PaBe


Innate Abilities, Weirdness & Mutations

You are immune to sickness and miasma.
You are immune to poison.
Your flesh is very heat resistant. (rF++)
You are vulnerable to cold. (rC-)
You float through the air rather than walking.
You learn spells naturally, not from books.
Your magical power is your life essence.
You have superior vitality. (+4 HP)


Message History

Your ironbound convoker hits the frost giant with a +0 morningstar!
The frost giant gestures at you while chanting.
The bolt of cold hits your glowing orange brain!!!
The bolt of cold misses you.
Your great orb of eyes bites the frost giant!
Your ironbound convoker hits the frost giant with a +0 morningstar!
There is an open door here.
The frost giant hits your glowing orange brain with a +0 battleaxe of freezing!!
The frost giant freezes your glowing orange brain.
Your glowing orange brain dies!
The frost giant hits your ironbound convoker with a +0 battleaxe of freezing.
The frost giant freezes your ironbound convoker.
The frost giant hits your great orb of eyes with a +0 battleaxe of freezing!
The frost giant freezes your great orb of eyes.
Your great orb of eyes gazes at the frost giant.
The frost giant appears confused.
Your ironbound convoker hits the frost giant with a +0 morningstar!
Two slime creatures merge to form a large slime creature.
Your great orb of eyes bites the frost giant but does no damage.
You can drink potions again.
There is an open door here.
The peacekeeper hurls a volley of spikes at you.
You block the volley of spikes.
You block the peacekeeper's attack. x2; The peacekeeper bites you!
* * * LOW HITPOINT WARNING * * *
The peacekeeper closely misses you. You block the peacekeeper's attack. x2
The crystal guardian fires a crystalline bolt at you.
The crystal bolt freezes you!!!
* * * LOW HITPOINT WARNING * * *
Items here: ( )) [.
As you read the scroll of teleportation, it crumbles to dust.
You feel strangely unstable. You block the peacekeeper's attack. x2
The peacekeeper bites you but does no damage.
You block the peacekeeper's attack.
The crystal guardian hits you but does no damage.
The peacekeeper closely misses you. You block the peacekeeper's attack.
The crystal guardian fires a crystalline bolt at you.
The crystal bolt freezes you!!
You die...

,, * , *###)....#.....# , *,,,,,,
###.....#.....# , , , , ,
#########.....#### ,, ,,*, ,
*###...........#### # ** *** **
####..[........#### # .....#
###########'############# .....#
#........................ .....#
#................).......
.....####.....J8@......###'######
.....####..............#.........
####'####....).8.......#.........
........#....).........#.........
{{{{{...p..............#...>.....
........#...########...#.........
........#)..#......#^..#.........
........#...#......#...#.........
........#...#......#...##########


You could see a crystal guardian, a large slime creature and a peacekeeper.

Vanquished Creatures
  Vashnia (Snake:3)
  Rupert (Lair:5)
  Jorgrun (Shoals:1)
  A sphinx (Vaults:2)
  A storm dragon (Shoals:4)
  4 nagarajas
  An orc warlord (Vaults:2)
  4 ghouls (D:14)
  6 ironbound preservers
  Nessos (Orc:2)
  A stone giant (Vaults:1)
  A war gargoyle (Vaults:2)
  9 very ugly things
  2 entropy weavers (Vaults:1)
  3 dire elephants (Vaults:2)
  A deep elf death mage (Vaults:2)
  3 merfolk javelineers (Shoals:4)
  Josephine (D:10)
  7 merfolk impalers (Shoals:4)
  An ironbound thunderhulk (Vaults:2)
  2 yaktaur captains (Vaults:2)
  A great orb of eyes (Vaults:1)
  23 naga warriors
  11 hydras
  2 salamander tyrants (Snake:4)
  6 vault guards
  Erolcha (D:12)
  3 boulder beetles
  4 ironbound frosthearts
  2 merfolk avatars (Shoals:4)
  5 two-headed ogres
  2 centaur warriors
  2 merfolk aquamancers (Shoals:4)
  A satyr (Shoals:4)
  8 anacondas
  4 death yaks (Lair:6)
  2 tengu warriors (D:13)
  Urug (Lair:1)
  3 orc high priests (Orc:2)
  18 naga sharpshooters
  2 ironbound beastmasters (Vaults:2)
  12 shock serpents
  A sixfirhy (Lair:6)
  6 skeletal warriors (D:14)
  7 salamander mystics
  5 sea snakes
  A glowing orange brain (Vaults:2)
  4 wizards
  7 naga ritualists
  14 deep trolls
  A lindwurm (Lair:6)
  A phantasmal warrior (D:14)
  2 necromancers (Vaults:2)
  9 ironbound convokers
  A deep elf pyromancer (D:13)
  8 orc knights
  A tengu skeleton (Vaults:2)
  9 harpies
  A stone giant zombie (Vaults:2)
  5 mana vipers
  5 orc sorcerers
  A sphinx skeleton (Vaults:2)
  11 ugly things
  7 manticores
  13 salamanders
  4 cyclopes
  A black mamba (shapeshifter) (D:14)
  7 centaur zombies
  40 black mambas
  32 elephants
  4 water nymphs
  5 merfolk sirens
  A guardian serpent (Snake:3)
  20 naga magi
  5 vault sentinels
  3 orange demons (Lair:6)
  23 cane toads
  2 unseen horrors (D:12)
  3 ice devils (Lair:6)
  13 komodo dragons
  5 yaktaurs (Vaults:2)
  6 kobold demonologists
  2 rime drakes
  An efreet (D:13)
  A hellwing (Lair:6)
  A troll (shapeshifter) (D:13)
  9 merfolk
  A jumping spider (Vaults:1)
  A queen bee (Lair:2)
  A tyrant leech (Lair:6)
  3 guardian mummies (D:14)
  6 polar bears
  3 meliai (D:12)
  11 trolls
  A polar bear (shapeshifter) (D:13)
  7 wind drakes
  7 blink frogs
  17 slime creatures
  2 snapping turtles (Shoals:4)
  A dream sheep (Lair:6)
  6 air elementals (Shoals:4)
  5 redbacks (Vaults:1)
  60 yaks
  6 wyverns
  A human simulacrum (Vaults:2)
  8 water elementals
  2 tarantellas (Vaults:1)
  7 basilisks
  7 wraiths
  Grum (D:9)
  3 steam dragons
  4 vampire mosquitoes (D:11)
  Menkaure (D:6)
  2 swamp worms (Lair:6)
  3 wargs (Orc:1)
  2 acid dragons
  50 nagas
  27 water moccasins
  3 ice beasts
  4 hell hounds (Lair:6)
  16 orc warriors
  3 black bears
  2 necrophages
  A sky beast (D:6)
  4 ogres
  29 wolves
  A human zombie (Vaults:2)
  A centaur (D:8)
  2 kobold brigands
  Blork the orc (D:4)
  17 bullfrogs
  A gnoll sergeant (D:5)
  A wyvern zombie (D:8)
  3 scorpions (D:5)
  A wyvern skeleton (D:7)
  A water moccasin zombie (D:5)
  40 killer bees
  4 howler monkeys
  8 electric eels
  2 hounds
  21 orc priests
  A jelly (D:5)
  3 bullfrog skeletons (D:5)
  Crazy Yiuf (D:4)
  A gnoll shaman (D:5)
  A scorpion zombie (D:5)
  Ijyb (D:5)
  4 iguanas (D:5)
  20 orc wizards
  2 mummies (D:14)
  A howler monkey zombie (D:9)
  Robin (D:4)
  6 gnolls
  2 adders
  3 river rats (D:5)
  A shadow imp (D:6)
  A white imp (D:7)
  2 worms
  5 dart slugs
  53 orcs
  4 ball pythons
  8 bats
  6 endoplasms
  2 giant cockroaches (D:1)
  15 goblins
  6 hobgoblins
  2 jackals (D:2)
  6 quokkas
  A frilled lizard (D:1)
  21 kobolds
  5 rats
  2 tentacles (Shoals:2)
1082 creatures vanquished.

Vanquished Creatures (collateral kills)
  Frederick (Vaults:2)
  A lich (Vaults:2)
  A kraken (Shoals:2)
  3 frost giants (Shoals:3)
  2 vault wardens (Vaults:2)
  A stone giant (Shoals:3)
  A deep elf annihilator (Vaults:2)
  2 merfolk javelineers
  A quicksilver dragon zombie (Vaults:1)
  A great orb of eyes (Vaults:2)
  4 merfolk impalers
  An ironbound thunderhulk (Vaults:2)
  2 naga warriors (Snake:3)
  An ironbound frostheart (Vaults:2)
  2 anacondas
  A merfolk aquamancer (Shoals:4)
  An alligator snapping turtle (Shoals:3)
  3 naga sharpshooters
  2 shock serpents (Snake:2)
  5 sea snakes
  6 harpies
  A sphinx zombie (Vaults:1)
  2 wizards (Vaults:2)
  2 ironbound convokers (Vaults:2)
  A necromancer (Vaults:1)
  A tengu skeleton (Vaults:1)
  3 ugly things (Vaults:2)
  3 salamanders
  5 fauns (Shoals:1)
  5 cyclopes
  13 manticores
  3 water nymphs
  6 merfolk sirens
  A vault sentinel (Vaults:2)
  2 black mambas
  2 naga magi
  2 guardian serpents
  A yaktaur (Vaults:2)
  An elf skeleton (Vaults:1)
  5 merfolk
  A slime creature (Vaults:2)
  5 wind drakes
  4 dream sheep (Shoals:2)
  8 snapping turtles
  2 air elementals (Shoals:4)
  A deep troll skeleton (Vaults:2)
  6 water elementals
  2 nagas (Snake:1)
  A centaur (Shoals:1)
131 creatures vanquished.

Vanquished Creatures (others)
  A deep elf pyromancer (D:14)
  31 fungi
  51 plants
  3 tentacles (Shoals:2)
  4 withered plants
90 creatures vanquished.

Grand Total: 1303 creatures vanquished

Notes
Turn   | Place    | Note
-------+----------+-------------------------------------------
     0 | D:1      | lunkers the Djinni Earth Elementalist began the quest for
                  | the Orb.
     0 | D:1      | Reached XP level 1. HP: 15/15 MP: 0/0
    94 | D:1      | Reached XP level 2. HP: 17/21 MP: 0/0
   280 | D:1      | Found a faded altar of an unknown god.
   541 | D:1      | Reached XP level 3. HP: 22/25 MP: 0/0
   541 | D:1      | Learned a level 1 spell: Sting
  1565 | D:2      | Reached XP level 4. HP: 20/31 MP: 0/0
  2782 | D:3      | Found a runed translucent door.
  2783 | D:3      | Noticed DocClef's ghost (weakling GnDe)
  3210 | D:3      | Found an iron altar of Okawaru.
  3424 | D:3      | Reached XP level 5. HP: 32/35 MP: 0/0
  3424 | D:3      | Learned a level 2 spell: Wereblood
  3968 | D:3      | Found a white marble altar of Elyvilon.
  4320 | D:4      | Noticed Robin
  4349 | D:4      | Killed Robin
  4439 | D:4      | Noticed Blork the orc
  4441 | D:4      | Killed Blork the orc
  4442 | D:4      | Reached skill level 5 in Spellcasting
  4442 | D:4      | Reached XP level 6. HP: 36/40 MP: 0/0
  4593 | D:4      | Found a burning altar of Makhleb.
  4593 | D:4      | Found a shimmering altar of Xom.
  4596 | D:4      | Found an ornate altar of the Wu Jian Council.
  4596 | D:4      | Found a shimmering altar of Xom.
  4596 | D:4      | Found a bloodstained altar of Trog.
  4916 | D:4      | Found a runed translucent door.
  4917 | D:4      | Noticed Crazy Yiuf
  4922 | D:4      | Killed Crazy Yiuf
  4980 | D:5      | Entered Level 5 of the Dungeon
  4980 | D:5      | Found Rayheputz's Magic Scroll Shoppe.
  4994 | D:5      | Reached XP level 7. HP: 36/45 MP: 0/0
  4994 | D:5      | Learned a level 2 spell: Call Imp
  5137 | D:5      | Reached XP level 8. HP: 42/50 MP: 0/0
  5184 | D:5      | Noticed Ijyb
  5186 | D:5      | Killed Ijyb
  5356 | D:5      | Found a large runed translucent door.
  5356 | D:5      | Found a large runed translucent door.
  5371 | D:5      | Found a large runed translucent door.
  5371 | D:5      | Found a large runed translucent door.
  5402 | D:5      | Noticed a yak
  5408 | D:5      | Killed a yak
  5789 | D:5      | Reached XP level 9. HP: 53/55 MP: 0/0
  5789 | D:5      | Learned a level 4 spell: Fulminant Prism
  6165 | D:6      | Noticed Menkaure
  6168 | D:6      | Killed Menkaure
  6338 | D:6      | Found a staircase to the Ecumenical Temple.
  6356 | Temple   | Entered the Ecumenical Temple
  6623 | Temple   | Became a worshipper of Ashenzari the Shackled
  7315 | D:7      | Identified the Papyrus of Combat Magic and Darkness
  7389 | D:7      | Reached skill level 10 in Spellcasting
  7420 | D:7      | Found a runed translucent door.
  7424 | D:7      | Noticed Sin92's ghost (amateur DsFi)
  7633 | D:7      | Identified the Volume of Battle Magic and the Mountains
  7932 | D:8      | Reached XP level 10. HP: 54/60 MP: 0/0
  8143 | D:8      | Reached * piety under Ashenzari
  8223 | D:8      | Identified the +1 ring mail "Hylez" {rPois}
  8268 | D:8      | Noticed a two-headed ogre
  8274 | D:8      | Killed a two-headed ogre
  8275 | D:8      | Reached skill level 1 in Fighting
  8275 | D:8      | Reached skill level 3 in Dodging
  8485 | D:8      | Found a stormy altar of Qazlal.
  8585 | D:8      | Found an opulent altar of Gozag.
  8586 | D:8      | Found a sparkling altar of Nemelex Xobeh.
  8602 | D:8      | Reached ** piety under Ashenzari
  8782 | D:9      | Reached skill level 4 in Dodging
  8793 | D:9      | Found a glowing golden altar of the Shining One.
  9029 | D:9      | Reached *** piety under Ashenzari
  9084 | D:9      | Noticed Grum
  9087 | D:9      | Reached XP level 11. HP: 72/76 MP: 0/0
  9087 | D:9      | Learned a level 5 spell: Manifold Assault
  9094 | D:9      | Killed Grum
  9142 | D:9      | Noticed a boulder beetle
  9151 | D:9      | Killed a boulder beetle
  9152 | D:9      | Reached skill level 5 in Dodging
  9301 | D:9      | Found Jutsock's Armour Shop.
  9313 | D:9      | Bought a +1 buckler of reflection for 216 gold pieces
  9442 | D:9      | Found a sacrificial altar of Ru.
  9795 | D:9      | Found a hazy altar of Hepliaklqana.
  9795 | D:9      | Found a snail-covered altar of Cheibriados.
  9797 | D:9      | Found a basalt altar of Yredelemnul.
  9856 | D:10     | Entered Level 10 of the Dungeon
 10008 | D:10     | Found Ifunumn's Magic Scroll Shoppe.
 10033 | D:10     | Found Zioraky's Antique Weapon Emporium.
 10101 | D:10     | Noticed Josephine
 10117 | D:10     | Killed Josephine
 10128 | D:10     | Reached skill level 6 in Dodging
 10135 | D:10     | Reached skill level 5 in Fighting
 10171 | D:10     | Found Ineir's Armour Emporium.
 10309 | D:10     | Found Limal's General Store.
 10336 | D:10     | Reached **** piety under Ashenzari
 10389 | D:10     | Found a bloodstained altar of Trog.
 10477 | D:10     | Noticed a two-headed ogre
 10504 | D:10     | Killed a two-headed ogre
 10641 | D:11     | Noticed a five-headed hydra
 10715 | D:11     | Found a staircase to the Lair.
 10765 | D:11     | Killed a five-headed hydra
 10766 | D:11     | Reached XP level 12. HP: 69/91 MP: 0/0
 10792 | D:11     | Found a staircase to the Orcish Mines.
 10794 | D:11     | Noticed a two-headed ogre
 10799 | D:11     | Noticed a centaur warrior
 10803 | D:11     | Killed a two-headed ogre
 10804 | D:11     | Reached skill level 7 in Dodging
 10809 | D:11     | Killed a centaur warrior
 11032 | D:11     | Reached ***** piety under Ashenzari
 11311 | D:11     | Reached skill level 1 in Shields
 11329 | D:11     | Identified the +5 war axe "Arghoegha" {venom, rElec}
 11343 | D:11     | Noticed a deep troll
 11513 | D:11     | Reached skill level 8 in Dodging
 11632 | D:11     | Killed a deep troll
 11668 | Lair:1   | Entered Level 1 of the Lair of Beasts
 11668 | Lair:1   | Identified the +1 scale mail of Classification {rN+ MP+9
                  | Str+2 Int-3}
 11758 | Lair:1   | Noticed a five-headed hydra
 11782 | Lair:1   | Killed a five-headed hydra
 11866 | Lair:1   | Noticed Urug
 11875 | Lair:1   | Killed Urug
 11876 | Lair:1   | Reached XP level 13. HP: 88/102 MP: 0/0
 11876 | Lair:1   | Learned a level 5 spell: Freezing Cloud
 12125 | Lair:1   | Reached ****** piety under Ashenzari
 12308 | Lair:1   | Reached skill level 9 in Dodging
 12422 | Lair:2   | Found a staircase to the Shoals.
 12543 | Lair:2   | Noticed a four-headed hydra
 12548 | Lair:2   | Killed a four-headed hydra
 12962 | Lair:2   | Reached skill level 10 in Dodging
 12980 | Lair:2   | Reached skill level 1 in Armour
 13102 | Lair:2   | Identified the +9 eveningstar of Quick Death {protect,
                  | Dex+5}
 13541 | Lair:3   | Reached XP level 14. HP: 75/108 MP: 0/0
 13610 | Lair:3   | Found a broken altar of Ashenzari.
 13650 | Lair:3   | Reached skill level 1 in Maces & Flails
 13997 | Lair:3   | Reached skill level 11 in Dodging
 14528 | Lair:4   | Found a staircase to the Snake Pit.
 14923 | Lair:5   | Found a viscous altar of Jiyva.
 14923 | Lair:5   | Found a staircase to the Slime Pits.
 15138 | Lair:5   | Reached skill level 12 in Dodging
 15387 | Lair:5   | Noticed Rupert
 15411 | Lair:5   | Reached skill level 10 in Fighting
 15413 | Lair:5   | Reached XP level 15. HP: 73/117 MP: 0/0
 15413 | Lair:5   | Learned a level 6 spell: Shadow Creatures
 15483 | Lair:5   | Killed Rupert
 15810 | Lair:6   | Entered Level 6 of the Lair of Beasts
 15904 | Lair:6   | Reached skill level 15 in Spellcasting
 16021 | Lair:6   | Identified the +8 falchion "Hoyrghuzy" {spect, Fly Will-
                  | MP+9 Stlth-}
 16130 | Lair:6   | Reached skill level 5 in Maces & Flails
 16130 | Lair:6   | Reached skill level 13 in Dodging
 16907 | Lair:6   | Identified the +4 robe "Ohoac" {rPois MP+9}
 17171 | Lair:6   | Found a burning altar of Makhleb.
 17264 | Lair:6   | Reached XP level 16. HP: 102/126 MP: 0/0
 17296 | Lair:6   | Found a gateway to Hell.
 17471 | Orc:1    | Entered Level 1 of the Orcish Mines
 17648 | Orc:1    | Found Docim's CLEARANCE SALE! EVERYTHING MUST GO!.
 17808 | Orc:1    | Identified the +4 mace of a sewer {antimagic, rElec rC+
                  | Stlth-}
 17808 | Orc:1    | Found a runed translucent gate.
 17808 | Orc:1    | Found a runed translucent gate.
 17809 | Orc:1    | Found a runed translucent gate.
 17810 | Orc:1    | Noticed Rachuaq's ghost (adept GnSk)
 17811 | Orc:1    | Noticed Sobieck's ghost (journeyman PaBe)
 17811 | Orc:1    | Noticed Heoklaes's ghost (journeyman SpBr)
 18005 | Orc:2    | Entered Level 2 of the Orcish Mines
 18025 | Orc:2    | Noticed Nessos
 18033 | Orc:2    | Killed Nessos
 18044 | Orc:2    | Paralysed by an orc sorcerer for 3 turns
 18275 | Orc:2    | Found a staircase to the Elven Halls.
 18578 | Orc:2    | Reached skill level 14 in Dodging
 18583 | Orc:2    | Found Murebb's General Store.
 18583 | Orc:2    | Found Modwehoh's Book Shop.
 18585 | Orc:2    | Found Woguiz Imeocw's Weapon Shoppe.
 18585 | Orc:2    | Found Veopsuc's Armour Shop.
 18757 | Snake:1  | Entered Level 1 of the Snake Pit
 19205 | Snake:1  | Identified the ring "Xygot" {rC+ rN+ Stlth+}
 19757 | Snake:1  | Found Voxt's Magic Scroll Shop.
 20087 | Snake:2  | Found Rovim's Antique Armour Boutique.
 20382 | Snake:2  | Reached skill level 15 in Dodging
 20618 | Snake:2  | Found a snail-covered altar of Cheibriados.
 20808 | Snake:3  | Reached XP level 17. HP: 116/131 MP: 0/0
 20808 | Snake:3  | Learned a level 6 spell: Dispersal
 21485 | Snake:3  | Reached skill level 16 in Dodging
 21977 | Snake:3  | Noticed Vashnia
 22218 | Snake:3  | Killed Vashnia
 22426 | Snake:4  | Entered Level 4 of the Snake Pit
 22691 | Snake:4  | Found Lohuugan's Book Shop.
 22692 | Snake:4  | Found Lable's Jewellery Shoppe.
 22693 | Snake:4  | Found Inifel's Book Shop.
 22737 | Snake:4  | Bought a manual of Dodging for 1200 gold pieces
 22996 | Snake:4  | Reached XP level 18. HP: 82/139 MP: 0/0
 23204 | Snake:4  | Reached skill level 17 in Dodging
 23648 | Snake:4  | Reached skill level 18 in Dodging
 23871 | Snake:4  | Got a serpentine rune of Zot
 24207 | Shoals:1 | Entered Level 1 of the Shoals
 24528 | Shoals:1 | Noticed Jorgrun
 24540 | Shoals:1 | Killed Jorgrun
 25386 | Shoals:2 | Reached skill level 19 in Dodging
 25719 | Shoals:2 | Noticed a kraken
 25735 | Shoals:2 | Killed a kraken
 25736 | Shoals:2 | Reached XP level 19. HP: 97/148 MP: 0/0
 25736 | Shoals:2 | Learned a level 7 spell: Storm Form
 25835 | Shoals:2 | Identified the cursed +0 cloak "Celestial Absolutism" {Evo,
                  | Range} (You took it off Crazy Yiuf on level 4 of the
                  | Dungeon)
 25835 | Shoals:2 | Identified the cursed +2 hat of the Wild Blue Yonder
                  | {Int+3, Fort, Self} (You found it on level 5 of the
                  | Dungeon)
 25835 | Shoals:2 | Identified the cursed +2 pair of gloves "Cosmic Malaise"
                  | {Self, Fort} (You found it on level 6 of the Dungeon)
 25835 | Shoals:2 | Identified the cursed +2 leather armour "I Knew You'd Do
                  | That" {rF+, Melee, Cun} (You took it off Ijyb on level 5 of
                  | the Dungeon)
 26432 | Shoals:3 | Identified the ring of Enunk {rElec rC+ SInv}
 26994 | Shoals:4 | Entered Level 4 of the Shoals
 27227 | D:10     | Bought the +6 scale mail "Gutwaymp" {rElec Will+} for 589
                  | gold pieces
 27402 | Shoals:4 | Paralysed by an air elemental for 1 turns
 27414 | Shoals:4 | Upgraded the game from 0.28-a0-8-g6e044cfa68 to
                  | 0.28-a0-10-g964c8b829e
 27467 | Shoals:4 | Upgraded the game from 0.28-a0-10-g964c8b829e to
                  | 0.28-a0-32-g8dfe7f97f6
 27591 | Shoals:4 | Paralysed by an air elemental for 1 turns
 28170 | Shoals:4 | Paralysed by an air elemental for 1 turns
 28273 | Shoals:4 | Reached skill level 5 in Shields
 28555 | Shoals:4 | Got a barnacled rune of Zot
 28574 | Shoals:4 | Upgraded the game from 0.28-a0-32-g8dfe7f97f6 to
                  | 0.28-a0-43-g560ac104fe
 29213 | D:12     | Noticed Erolcha
 29221 | D:12     | Killed Erolcha
 29933 | D:13     | Found Cucraaz's Antique Weapon Boutique.
 30177 | D:13     | Found Golecej's General Store.
 30441 | D:14     | Identified the ring "Tugiles" {rF++ Will+}
 30589 | D:14     | Reached skill level 20 in Dodging
 30644 | D:14     | Reached XP level 20. HP: 124/158 MP: 0/0
 30972 | D:14     | Found a gate to the Vaults.
 30973 | D:14     | Identified a scroll of acquirement
 31222 | D:14     | Acquired 486 gold pieces
 31420 | D:9      | Bought the +6 tower shield "Moane" {+Blink rN+ rCorr Dex-4}
                  | for 798 gold pieces
 31621 | Vaults:1 | Entered Level 1 of the Vaults
 31787 | Vaults:1 | Identified the +0 pair of boots of Toothy Surprise {*Slow
                  | Int+4 Dex-5}
 32308 | Vaults:1 | Found Usmyam's Assorted Antiques.
 33042 | Vaults:2 | Found a staircase to the Crypt.
 33607 | Vaults:2 | Reached skill level 10 in Shields
 33627 | Vaults:2 | HP: 7/161 [deep elf annihilator/crystal spear (59)]
 33631 | Vaults:2 | Reached XP level 21. HP: 33/168 MP: 0/0
 33631 | Vaults:2 | Learned a level 7 spell: Ozocubu's Refrigeration
 33986 | Vaults:2 | Noticed Frederick
 33994 | Vaults:2 | Killed Frederick
 34044 | Vaults:2 | Reached skill level 15 in Fighting
 34441 | Vaults:2 | Killed from afar by a crystal guardian

Illustrated notes

Levels and vault maps discovered:
D:1:      grunt_arrival_lava_bath, layout_basic,
          dreamdust_ecumenical_altar_grove
D:2:      layout_basic
D:3:      layout_rooms, mainiacjoe_overflow_cross_hatched,
          mainiacjoe_overflow_paths, gammafunk_ghost_grave, st_stairs_13,
          roderic_roman_lattice, amcnicky_mini_corridor_feature,
          hangedman_decor_peaks_small, serial_bayou_crossing
D:4:      layout_basic, doesnt_xom_only_xom, tgw_sif, corner_web_ring,
          uniq_robin, uniq_crazy_yiuf_cottage, uniq_blork_the_orc
D:5:      layout_rooms, gup_sewer_entry_bubbles, serial_shops,
          nicolae_shop_temple_entry_statues_fountains, serial_corexii_hall,
          corexii_hall_statues_i, corexii_hall_statues_x,
          corexii_hall_statues_x, chequers_hall_statues_wall_a, abandoned_shop,
          minmay_hollow_rounded_squares, uniq_ijyb
D:6:      layout_loops_cross, minmay_temple_entry_waves, grunt_decor_arrowhead,
          uniq_menkaure
D:7:      layout_loops_corners, ebering_ghost_inner_flame
D:8:      layout_cave_pools, grunt_temple_overflow_opulence,
          mainiacjoe_overflow_small_starburst, nrook_mini_backslash
D:9:      layout_stronghold, lemuel_doored_altar,
          mainiacjoe_overflow_tiny_flanked, nicolae_overflow_hidden_temple,
          serial_shops, shop, uniq_grum
D:10:     layout_irregular_city, marbit_many_paths, serial_shops,
          nicolae_diamond_shop, shop, nicolae_shop_crystal, shop,
          minmay_misc_feat_plants, uniq_josephine
D:11:     lemuel_troll_bridge, layout_basic, lair_entry_dummy, orc_0_dummy
D:12:     layout_roguey, lemuel_nasty_fountain, uniq_erolcha
D:13:     layout_irregular_city, serial_shops, nicolae_shop_trees,
          kennysheep_windowed_goal
D:14:     layout_roguey, david_vaults_4, serial_undead, serial_undead_f,
          serial_undead_e, serial_undead_c, serial_undead_a, serial_undead_c,
          serial_undead_f, minmay_strange_pillars
Temple:   compressed_dpeg_triangle_lava_temple
Lair:1:   layout_gridlike, uniq_urug
Lair:2:   regret_index_bee_streams, layout_regular_city,
          minmay_shoals_entry_beasts, beast_lair_carwin_8
Lair:3:   layout_loops_ring, basic_altar, nicolae_quartered_pool_medium,
          wad_woods_river_01, infiniplex_staircase_pool, lemuel_fruit_tree
Lair:4:   layout_cave_shapes, minmay_snake_entry_six_corridors,
          serial_bayou_shore_a, grunt_megastairs_3
Lair:5:   layout_long_grid, slime_altar_1, beast_lair_carwin_9, uniq_rupert
Lair:6:   evil_forest, layout_cave_pods, worms_lemuel
Shoals:1: layout_shoals, uniq_jorgrun
Shoals:2: layout_shoals, nicolae_shoals_arrival_archipelago
Shoals:3: layout_shoals, st_sunken_temple
Shoals:4: shoals_end_hellmonk_storm_palace [storm_palace_center_square,
          storm_palace_corner_grid, storm_palace_corner_grid,
          storm_palace_corner_pillars, storm_palace_corner_grid], serial_shops
Snake:1:  layout_chambers, serial_shops, nicolae_shop_statue_plus,
          hangedman_venom_bottle
Snake:2:  layout_rooms, basic_altar, serial_shops, nicolae_take_the_stairs
Snake:3:  nicolae_snake_hallway, layout_cave_town, uniq_vashnia
Snake:4:  snake_pit, layout_cave_town, minmay_shop_grove
Orc:1:    layout_caves, gammafunk_ghost_cemetery, basic_altar,
          nicolae_shop_clearance
Orc:2:    grunt_orc_tribal_feast, layout_diamond_mine, uniq_nessos
Vaults:1: nicolae_vaults_little_squares_6, nicolae_vaults_big_angled_halls,
          v_rooms_2, nicolae_vaults_what_the_h, hangedman_vaults_unwind,
          nicolae_vaults_mini_display_case, nicolae_vaults_little_ls,
          nicolae_vaults_little_squares_2, layout_vaults_omnigrid, serial_shops,
          shop
Vaults:2: vaults_room_grid, minmay_crypt_entry_nasty_monster,
          vaults_standard_mumra_x, nicolae_vaults_disjoint_gnomons, v_misc_9,
          dpeg_vaults_monster_row, vaults_room_door_hall,
          nicolae_vaults_specimen_jars, v_alt_pattern_1, v_rooms_4,
          vaults_room_guarded_vault, nicolae_vaults_little_squares_4,
          nicolae_vaults_circle_grid_b, layout_vaults_omnibox, uniq_frederick

Skill      XL: |  1  2  3  4  5  6  7  8  9 10 11 12 13 14 15 16 17 18 19 20 21 |
---------------+----------------------------------------------------------------+-----
Spellcasting   | 3 4 5 6 8 10 11 12 13 14 15 16 17 | 17.1
Fighting       | 3 5 7 9 10 11 12 13 14 15 | 15.1
Dodging        | 4 6 8 10 12 13 15 16 19 20 | 20.7
Shields        | 1 7 10 11 | 11.2
Armour         | 1 3 4 |  4.5
Maces & Flails | 3 6 8 9 |  9.2
Stealth        | |  1.5

Action                   |  1- 3 |  4- 6 |  7- 9 | 10-12 | 13-15 | 16-18 | 19-21 || total
-------------------------+-------+-------+-------+-------+-------+-------+-------++-------
Melee: Unarmed           |       |     1 |       |       |       |       |     4 ||     5
       Quarterstaff      |       |       |     4 |     1 |       |       |       ||     5
       Flail             |       |       |       |       |     2 |       |       ||     2
       Eveningstar       |       |       |       |       |    45 |    96 |   162 ||   303
 Cast: Sandblast         |    29 |       |       |       |       |       |       ||    29
       Stone Arrow       |    11 |    78 |   101 |   279 |   578 |   440 |   633 ||  2120
       Petrify           |       |       |       |    10 |       |     1 |     3 ||    14
       Freezing Cloud    |       |       |       |       |    54 |   152 |    47 ||   253
       Manifold Assault  |       |       |       |       |    19 |     4 |       ||    23
       Shadow Creatures  |       |       |       |       |       |   117 |    95 ||   212
       Dispersal         |       |       |       |       |       |     1 |       ||     1
       Storm Form        |       |       |       |       |       |       |     2 ||     2
       Ozocubu's Refrige |       |       |       |       |       |       |    10 ||    10
Invok: Curse Item        |       |       |     1 |     7 |     2 |     1 |     2 ||    13
       Shatter the Chain |       |       |       |       |     1 |     1 |     2 ||     4
  Use: Scroll            |       |       |    12 |     2 |       |       |     4 ||    18
       Potion            |       |       |       |       |       |       |     1 ||     1
 Stab: Sleeping          |       |       |     1 |       |       |     1 |     3 ||     5
       Distracted        |       |       |       |       |       |     1 |     4 ||     5
       Petrified         |       |       |       |       |       |       |     4 ||     4
Armor: Robe              |     1 |     5 |       |       |       |       |       ||     6
       Leather armour    |       |       |     6 |    35 |    41 |    56 |     6 ||   144
       Scale mail        |       |       |       |       |       |       |   146 ||   146
       Skin              |       |       |       |       |       |       |     3 ||     3
Dodge: Dodged            |     4 |    10 |     6 |    91 |   286 |   449 |   422 ||  1268
Block: Buckler           |       |       |       |    16 |   107 |   148 |   132 ||   403
       Reflection        |       |       |       |     1 |       |    34 |    10 ||    45
       Tower shield      |       |       |       |       |       |       |   334 ||   334

Table legend: (Time is in decaauts)
 A = Elapsed time spent in this place.
 B = Non-inter-level travel time spent in this place.
 C = Inter-level travel time spent in this place.
 D = Time resting spent in this place.
 E = Time spent auto-exploring this place.
 F = Levels seen in this place.
 G = Mean time per level.
                   A        B        C        D        E       F      G
               +--------+--------+--------+--------+--------+-----+--------+
         Total |  34475 |  32091 |   2384 |   1580 |  21945 |  33 | 1044.7 |
       Dungeon |  14181 |  13025 |   1156 |    515 |  10284 |  14 | 1012.9 |
        Temple |    277 |    241 |     36 |      0 |    240 |   1 |  277.0 |
          Lair |   6201 |   5436 |    765 |     54 |   3854 |   6 | 1033.5 |
        Shoals |   4419 |   4184 |    235 |    259 |   2167 |   4 | 1104.8 |
     Snake Pit |   5391 |   5253 |    138 |    509 |   3059 |   4 | 1347.8 |
  Orcish Mines |   1184 |   1142 |     42 |     50 |    711 |   2 |  592.0 |
        Vaults |   2820 |   2809 |     11 |    193 |   1630 |   2 | 1410.0 |
               +--------+--------+--------+--------+--------+-----+--------+

Top non-repeatable levels by time:
 Snake:4: 1683 daAuts
 Snake:3: 1628 daAuts
     D:2: 1593 daAuts
  Lair:6: 1565 daAuts
     D:3: 1505 daAuts
Shoals:4: 1485 daAuts
Vaults:1: 1414 daAuts
Vaults:2: 1406 daAuts
 Snake:1: 1341 daAuts
  Lair:2: 1184 daAuts
     D:9: 1131 daAuts
     D:7: 1126 daAuts
    D:11: 1108 daAuts
Shoals:3: 1086 daAuts
     D:5: 1045 daAuts
